 Dungeon Crawl Stone Soup version 0.28-a0-845-gfc338a8e3c (webtiles) character file.

Game seed: 6542254867975137205

29 Twinkles the Shooter (level 3, 0/20 HPs)
             Began as a Deep Elf Hunter on Nov 12, 2021.
             Slain by an adder (3 damage)
             ... on level 2 of the Dungeon.
             The game lasted 00:03:28 (1119 turns).

Twinkles the Shooter (Deep Elf Hunter)              Turns: 1119, Time: 00:03:29

Health: 0/20       AC:  3    Str:  9    XL:     3   Next: 1%
Magic:  5/5        EV: 12    Int: 15    God:
Gold:   32         SH:  0    Dex: 16    Spells: 2/2 levels left

rFire   . . .      SeeInvis .   b - +0 short sword
rCold   . . .      Faith    .   (no shield)
rNeg    . . .      Spirit   .   c - +0 leather armour
rPois   .          Reflect  .   (no helmet)
rElec   .          Harm     .   (no cloak)
rCorr   .          Rampage  .   (no gloves)
Will    .....                   (no boots)
Stlth   ++........              (no amulet)
HPRegen 0.06/turn               (no ring)
MPRegen 0.09/turn               (no ring)

@: no status effects
A: no striking features
a: no special abilities


You were on level 2 of the Dungeon.
You visited 1 branch of the dungeon, and saw 2 of its levels.

You collected 32 gold pieces.

Inventory:

Hand Weapons
 a - a +1 shortbow
 b - a +0 short sword (weapon)
Missiles
 g - a throwing net
 s - 183 stones
Armour
 c - a +0 leather armour (worn)
Scrolls
 f - 3 scrolls of blinking {unknown}
 h - 2 scrolls of silence {unknown}
 i - a scroll of identify {unknown}
Potions
 e - a potion of curing {unknown}


   Skills:
 - Level 1.5 Fighting
 + Level 5.7 Bows
 + Level 3.1 Dodging
 + Level 2.4 Stealth


You had 2 spell levels left.
You didn't know any spells.
Your spell library was empty.

Dungeon Overview and Level Annotations

Branches:
Dungeon (2/15)

Altars:


Message History

b - a +0 short sword (weapon)
The hobgoblin completely misses you.
You are too injured to fight recklessly!
You are too injured to fight recklessly!
You are too injured to fight recklessly!
You barely miss the hobgoblin.
The hobgoblin is almost dead.
The hobgoblin closely misses you.
You closely miss the hobgoblin.
The hobgoblin is almost dead.
The adder misses you. The hobgoblin closely misses you.
The adder barely misses you.
You barely miss the hobgoblin.
The hobgoblin is almost dead.
The adder bites you. The hobgoblin misses you.
You closely miss the hobgoblin.
The hobgoblin is almost dead.
The adder barely misses you. The hobgoblin hits you.
* * * LOW HITPOINT WARNING * * *
You hit the hobgoblin.
You kill the hobgoblin!
The adder closely misses you. x2
You hit the endoplasm.
The endoplasm is heavily wounded.
The endoplasm misses you. The adder closely misses you.
The endoplasm barely misses you.
You hit the endoplasm.
You kill the endoplasm!
The adder barely misses you. The adder closely misses you.
You have reached level 3!
Your experience leads to an increase in your attributes!
Increase (S)trength, (I)ntelligence, or (D)exterity?
You feel agile.
You miss the adder.
The adder is heavily wounded.
The endoplasm misses you. The adder misses you.
You hit the adder.
The adder is severely wounded.
The adder bites you.
You die...

... # #. .... #.#.
######...######
#.#.######......###....###
#........#.....##...(....#
#......^.'.....#SJ###.....#
#........#....##@## ((##.#
#........#....#..# ?.(#
#........#....#..# #..#
#........#.......# #..#
#........#.......# ..(#
#........#.......# ..##
#........#).......#
#.#..#########...... #.#..#
#..###..


You could see an adder and an endoplasm.

Vanquished Creatures
  A worm (D:2)
  2 endoplasms (D:2)
  2 giant cockroaches
  7 hobgoblins
  A quokka (D:1)
  3 ball pythons (D:2)
  2 bats (D:1)
  A frilled lizard (D:1)
  3 goblins (D:1)
  A kobold (D:1)
23 creatures vanquished.

Notes
Turn   | Place    | Note
-------+----------+-------------------------------------------
     0 | D:1      | Twinkles the Deep Elf Hunter began the quest for the Orb.
     0 | D:1      | Reached XP level 1. HP: 12/12 MP: 3/3
   126 | D:1      | Reached XP level 2. HP: 16/16 MP: 4/4
   814 | D:2      | HP: 3/16 [hobgoblin (4)]
  1114 | D:2      | HP: 2/16 [hobgoblin (3)]
  1118 | D:2      | Reached XP level 3. HP: 3/20 MP: 5/5
  1119 | D:2      | Slain by an adder

Illustrated notes

Levels and vault maps discovered:
D:1:      dpeg_arrival_morbid_curiosity, layout_basic
D:2:      layout_basic, shapermc_ecumenical_altar_starsandcircs,
          minmay_randomly_rotated_circles

Skill      XL: |  1  2 |
---------------+-------+-----
Stealth        | 2 |  2.4
Dodging        | 3 |  3.1
Fighting       | |  1.5
Bows           | |  5.7

Action                   || total
-------------------------++-------
Melee: Short sword       ||    29
 Fire: Shortbow          ||    52
Armor: Leather armour    ||     6
Dodge: Dodged            ||    42

Table legend: (Time is in decaauts)
 A = Elapsed time spent in this place.
 B = Non-inter-level travel time spent in this place.
 C = Inter-level travel time spent in this place.
 D = Time resting spent in this place.
 E = Time spent auto-exploring this place.
 F = Levels seen in this place.
 G = Mean time per level.
                   A        B        C        D        E       F      G
               +--------+--------+--------+--------+--------+-----+--------+
         Total |   1120 |    983 |    137 |      0 |    831 |   2 |  560.0 |
       Dungeon |   1120 |    983 |    137 |      0 |    831 |   2 |  560.0 |
               +--------+--------+--------+--------+--------+-----+--------+

Top non-repeatable levels by time:
     D:1: 718 daAuts
     D:2: 401 daAuts
